3AA
FT. POLK SOUTH THUNDER HAWKS @ YAKIMA HOPS
07/15/2021
 
TOP OF THE 1ST
Ft. Polk South Thunder Hawks batting - Pitching for Yakima Hops : RHP Curt Tate
Pitching: RHP Curt Tate
Batting: LHB Jim Unknown 0-0: Called Strike
0-1: Ball
1-1: Foul Ball, location: 2F
1-2: Strikes out looking
Batting: RHB Steven Grant 0-0: Called Strike
0-1: Ball
1-1: Ball
2-1: Foul Ball, location: 2F
2-2: Ball
3-2: Foul Ball, location: 2F
3-2: Foul Ball, location: 2F
3-2: SINGLE (Line Drive, 89S)
Batting: RHB Héctor López 0-0: Called Strike
0-1: Ball
1-1: Foul Ball, location: 2F
1-2: Strikes out swinging
Batting: SHB Ted Hansen 0-0: Called Strike
0-1: Ball
1-1: Called Strike
1-2: Foul Ball, location: 2F
1-2: Ball
2-2: Strikes out swinging
Top of the 1st over - 0 run(s), 1 hit(s), 0 error(s), 1 left on base; Ft. Polk South 0 - Yakima 0
BOTTOM OF THE 1ST
Yakima Hops batting - Pitching for Ft. Polk South Thunder Hawks : RHP Jeff Moore
Pitching: RHP Jeff Moore
Batting: SHB Carlos Sánchez 0-0: Called Strike
0-1: Ball
1-1: Foul Ball, location: 2F
1-2: Ball
2-2: Foul Ball, location: 2F
2-2: Ball
3-2: Foul Ball, location: 2F
3-2: Reached on error, E2 (Groundball, 2R)
Batting: RHB Gabriel Juárez 0-0: Ball
Carlos Sánchez steals 3rd base
1-0: Swinging Strike
1-1: Ball
2-1: Called Strike
2-2: Fly out, F7 (Flyball, 78S)
Runner from 3rd tags up, SCORES, throw made
Batting: RHB Marshall Attwood 0-0: Ball
1-0: Ball
2-0: Ball
3-0: Called Strike
3-1: Base on Balls
Batting: RHB Rafael Durango 0-0: Ground out 5-3 (Groundball, 5S)
Marshall Attwood to second
Batting: RHB William Gaines 0-0: Ball
1-0: Called Strike
1-1: Ground out 6-3 (Groundball, 6)
Bottom of the 1st over - 1 run(s), 0 hit(s), 1 error(s), 1 left on base; Ft. Polk South 0 - Yakima 1
TOP OF THE 2ND
Ft. Polk South Thunder Hawks batting - Pitching for Yakima Hops : RHP Curt Tate
Batting: RHB Alfredo González 0-0: Swinging Strike
0-1: Called Strike
0-2: Fly out, F3 (Popup, 3DF)
Batting: SHB Paul Wright 0-0: Called Strike
0-1: Called Strike
0-2: Foul Ball, location: 2F
0-2: Ball
1-2: Foul Ball, location: 2F
1-2: Fly out, F6 (Popup, 4MD)
Batting: RHB Clark Calhoun 0-0: Ball
1-0: Ball
2-0: Called Strike
2-1: Ground out 1-3 (Groundball, 15S)
Top of the 2nd over - 0 run(s), 0 hit(s), 0 error(s), 0 left on base; Ft. Polk South 0 - Yakima 1
BOTTOM OF THE 2ND
Yakima Hops batting - Pitching for Ft. Polk South Thunder Hawks : RHP Jeff Moore
Batting: RHB John Robinson 0-0: Ground out 6-3 (Groundball, 6)
Batting: RHB Edgar García 0-0: Foul Ball, location: 2F
0-1: Foul Ball, location: 2F
0-2: Ball
1-2: Ball
2-2: Foul Ball, location: 2F
2-2: Foul Ball, location: 2F
2-2: Ball
3-2: Ground out 5-3 (Groundball, 56S)
Batting: RHB William Miles 0-0: Ball
1-0: SINGLE (Groundball, 56D)
Batting: RHB José Cervantes 0-0: Ball
1-0: Ball
2-0: Ball
3-0: Base on Balls
William Miles to second
Batting: SHB Carlos Sánchez 0-0: Ball
1-0: Foul Ball, location: 2F
1-1: Ball
2-1: Ball
3-1: Called Strike
3-2: Ground out 5-3 (Groundball, 5)
Bottom of the 2nd over - 0 run(s), 1 hit(s), 0 error(s), 2 left on base; Ft. Polk South 0 - Yakima 1
TOP OF THE 3RD
Ft. Polk South Thunder Hawks batting - Pitching for Yakima Hops : RHP Curt Tate
Batting: RHB Henry Weber 0-0: Ball
1-0: Ball
2-0: Called Strike
2-1: Swinging Strike
2-2: Fly out, F5 (Line Drive, 5)
Batting: RHB Tim Norris 0-0: Swinging Strike
0-1: Swinging Strike
0-2: Ball
1-2: Foul Ball, location: 2F
1-2: Strikes out swinging
Batting: LHB Jim Unknown 0-0: Ball
1-0: Ball
2-0: Swinging Strike
2-1: Foul Ball, location: 2F
2-2: SINGLE (Groundball, 56D)
Batting: RHB Steven Grant 0-0: Called Strike
0-1: Swinging Strike
0-2: Ball
1-2: Strikes out swinging
Top of the 3rd over - 0 run(s), 1 hit(s), 0 error(s), 1 left on base; Ft. Polk South 0 - Yakima 1
BOTTOM OF THE 3RD
Yakima Hops batting - Pitching for Ft. Polk South Thunder Hawks : RHP Jeff Moore
Batting: RHB Gabriel Juárez 0-0: Ground out 5-3 (Groundball, 56S)
Batting: RHB Marshall Attwood 0-0: Ground out 6-3 (Groundball, 6M)
Batting: RHB Rafael Durango 0-0: Reached on error, E6 (Groundball, 6)
Batting: RHB William Gaines 0-0: Ball
1-0: Called Strike
1-1: Foul Ball, location: 2F
1-2: Ball
2-2: Ball
3-2: Foul Ball, location: 2F
3-2: Foul Ball, location: 2F
3-2: Base on Balls
Rafael Durango to second
Batting: RHB John Robinson 0-0: 3-RUN HOME RUN (Flyball, 78XD), Distance : 405 ft
Batting: RHB Edgar García 0-0: Called Strike
0-1: Ball
1-1: Ball
2-1: Foul Ball, location: 2F
2-2: Fly out, F6 (Popup, 6MD)
Bottom of the 3rd over - 3 run(s), 1 hit(s), 1 error(s), 0 left on base; Ft. Polk South 0 - Yakima 4
TOP OF THE 4TH
Ft. Polk South Thunder Hawks batting - Pitching for Yakima Hops : RHP Curt Tate
Batting: RHB Héctor López 0-0: Called Strike
0-1: Foul Ball, location: 2F
0-2: Foul Ball, location: 2F
0-2: Strikes out swinging
Batting: SHB Ted Hansen 0-0: Ball
1-0: Fly out, F9 (Line Drive, 9M)
Batting: RHB Alfredo González 0-0: Ball
1-0: Foul Ball, location: 2F
1-1: Ball
2-1: Ground out 6-3 (Groundball, 6)
Top of the 4th over - 0 run(s), 0 hit(s), 0 error(s), 0 left on base; Ft. Polk South 0 - Yakima 4
BOTTOM OF THE 4TH
Yakima Hops batting - Pitching for Ft. Polk South Thunder Hawks : RHP Jeff Moore
Batting: RHB William Miles 0-0: Called Strike
0-1: Foul Ball, location: 2F
0-2: Ball
1-2: Foul Ball, location: 2F
1-2: Fly out, F7 (Flyball, 7M)
Batting: RHB José Cervantes 0-0: Ball
1-0: Fly out, F7 (Flyball, 7M)
Batting: SHB Carlos Sánchez 0-0: Called Strike
0-1: Swinging Strike
0-2: Ball
1-2: Ball
2-2: Strikes out swinging
Bottom of the 4th over - 0 run(s), 0 hit(s), 0 error(s), 0 left on base; Ft. Polk South 0 - Yakima 4
TOP OF THE 5TH
Ft. Polk South Thunder Hawks batting - Pitching for Yakima Hops : RHP Curt Tate
Batting: SHB Paul Wright 0-0: Ball
1-0: Bunted foul
1-1: Foul Ball, location: 2F
1-2: Ball
2-2: Ground out 4-3 (Groundball, 4)
Batting: RHB Clark Calhoun 0-0: Fly out, F8 (Flyball, 8LM)
Batting: RHB Henry Weber 0-0: Ball
1-0: Foul Ball, location: 2F
1-1: Called Strike
1-2: Strikes out swinging
Top of the 5th over - 0 run(s), 0 hit(s), 0 error(s), 0 left on base; Ft. Polk South 0 - Yakima 4
BOTTOM OF THE 5TH
Yakima Hops batting - Pitching for Ft. Polk South Thunder Hawks : RHP Jeff Moore
Batting: RHB Gabriel Juárez 0-0: Called Strike
0-1: Ball
1-1: Foul Ball, location: 2F
1-2: Ground out 6-3 (Groundball, 6)
Batting: RHB Marshall Attwood 0-0: Ball
1-0: Ball
2-0: Called Strike
2-1: Foul Ball, location: 2F
2-2: Strikes out swinging
Batting: RHB Rafael Durango 0-0: Fly out, F8 (Flyball, 8LXD)
Bottom of the 5th over - 0 run(s), 0 hit(s), 0 error(s), 0 left on base; Ft. Polk South 0 - Yakima 4
TOP OF THE 6TH
Ft. Polk South Thunder Hawks batting - Pitching for Yakima Hops : RHP Curt Tate
Batting: RHB Tim Norris 0-0: Foul Ball, location: 2F
0-1: Ball
1-1: Ground out 6-3 (Groundball, 56)
Batting: LHB Jim Unknown 0-0: Ball
1-0: Ball
2-0: Ball
3-0: Called Strike
3-1: Called Strike
3-2: Base on Balls
Batting: RHB Steven Grant 0-0: Ball
1-0: Called Strike
1-1: Ball
2-1: Ball
3-1: Fly out, F8 (Line Drive, 8RM)
Batting: RHB Héctor López 0-0: Ball
1-0: Ground out 4-3 (Groundball, 4)
Top of the 6th over - 0 run(s), 0 hit(s), 0 error(s), 1 left on base; Ft. Polk South 0 - Yakima 4
BOTTOM OF THE 6TH
Yakima Hops batting - Pitching for Ft. Polk South Thunder Hawks : RHP Jeff Moore
Batting: RHB William Gaines 0-0: Ball
1-0: Ball
2-0: Swinging Strike
2-1: Ball
3-1: Base on Balls
Batting: RHB John Robinson 0-0: Ball
1-0: Sac Bunt - play at first, batter OUT! 5-4
William Gaines to second
Batting: RHB Edgar García 0-0: Called Strike
William Gaines steals 3rd base
0-1: Called Strike
0-2: SINGLE (Groundball, 56D)
William Gaines scores
Batting: RHB William Miles 0-0: Called Strike
Edgar García steals 2nd base
0-1: DOUBLE (Line Drive, 9LS)
Edgar García scores
Pitching: RHP Ricardo Gómez
Batting: RHB José Cervantes 0-0: Ball
1-0: Ground out 5-3 (Groundball, 56)
Batting: SHB Carlos Sánchez 0-0: Ball
1-0: Called Strike
1-1: Ball
2-1: Ground out 1-3 (Groundball, 13)
Bottom of the 6th over - 2 run(s), 2 hit(s), 0 error(s), 1 left on base; Ft. Polk South 0 - Yakima 6
TOP OF THE 7TH
Ft. Polk South Thunder Hawks batting - Pitching for Yakima Hops : RHP Curt Tate
Batting: SHB Ted Hansen 0-0: Called Strike
0-1: Foul Ball, location: 2F
0-2: Ball
1-2: Fly out, F9 (Flyball, 89D)
Batting: RHB Alfredo González 0-0: Foul Ball, location: 2F
0-1: Ball
1-1: Ball
2-1: SINGLE (Popup, 9S)
Batting: SHB Paul Wright 0-0: Ball
1-0: Foul Ball, location: 2F
1-1: Ball
2-1: Ball
3-1: Foul Ball, location: 2F
3-2: Fly out, F5 (Popup, 25F)
Pitching: RHP Deron Kuhn
Batting: RHB Clark Calhoun 0-0: Ball
1-0: Ball
Alfredo González steals 2nd base
2-0: Foul Ball, location: 2F
2-1: SINGLE (Line Drive, 78S)
Alfredo González to third
Runner from 3rd tries for Home, SAFE, no throw or cutoff
Batting: RHB Henry Weber 0-0: Ball
1-0: Foul Ball, location: 2F
1-1: Ball
2-1: Foul Ball, location: 2F
2-2: SINGLE (Flyball, 4D)
Clark Calhoun to second
Runner from 2nd tries for 3rd, SAFE, throw made to third
Now in RF: Jim Unknown
Batting: RHB Tim Norris 0-0: Called Strike
0-1: Ground out 6-3 (Groundball, 6)
Top of the 7th over - 1 run(s), 3 hit(s), 0 error(s), 2 left on base; Ft. Polk South 1 - Yakima 6
BOTTOM OF THE 7TH
Yakima Hops batting - Pitching for Ft. Polk South Thunder Hawks : RHP Ricardo Gómez
Batting: RHB Gabriel Juárez 0-0: Ground out 6-3 (Groundball, 6)
Batting: RHB Marshall Attwood 0-0: Swinging Strike
0-1: SINGLE (Flyball, 8RS)
Batting: RHB Rafael Durango 0-0: Called Strike
0-1: Swinging Strike
0-2: Foul Ball, location: 2F
0-2: Ball
1-2: Strikes out swinging
Batting: RHB William Gaines 0-0: Swinging Strike
0-1: Fly out, F3 (Popup, 3DF)
Bottom of the 7th over - 0 run(s), 1 hit(s), 0 error(s), 1 left on base; Ft. Polk South 1 - Yakima 6
TOP OF THE 8TH
Ft. Polk South Thunder Hawks batting - Pitching for Yakima Hops : RHP Deron Kuhn
Batting: LHB Jim Unknown 0-0: Ball
1-0: Ball
2-0: SINGLE (Groundball, 2L) (infield hit)
Batting: RHB Steven Grant 0-0: Called Strike
0-1: Fly out, F5 (Popup, 5SF)
Batting: RHB Héctor López 0-0: Swinging Strike
0-1: Fielders Choice at 2nd, 6-4 (Groundball, 56)
Batting: SHB Ted Hansen 0-0: Ball
1-0: Called Strike
1-1: Foul Ball, location: 2F
1-2: Ball
2-2: Strikes out swinging
Top of the 8th over - 0 run(s), 1 hit(s), 0 error(s), 1 left on base; Ft. Polk South 1 - Yakima 6
BOTTOM OF THE 8TH
Yakima Hops batting - Pitching for Ft. Polk South Thunder Hawks : RHP Ricardo Gómez
Batting: RHB John Robinson 0-0: SINGLE (Groundball, 4MD)
Batting: RHB Edgar García 0-0: Sac Bunt - play at second, runner OUT! 1-6
Batting: RHB William Miles 0-0: Called Strike
0-1: Ball
1-1: Called Strike
Edgar García steals 2nd base
1-2: DOUBLE (Flyball, 89S)
Edgar García scores
Batting: LHB Jim Unknown 0-0: Ball
1-0: Called Strike
1-1: SINGLE (Line Drive, 9S)
William Miles to third
Batting: SHB Carlos Sánchez 0-0: Ball
1-0: Ball
2-0: Called Strike
2-1: Ball
3-1: Swinging Strike
3-2: Base on Balls
Jim Unknown to second
Batting: RHB Gabriel Juárez 0-0: SINGLE (Groundball, 56D)
William Miles scores
Jim Unknown to third
Carlos Sánchez to second
Runner from 3rd tries for Home, SAFE, no throw or cutoff
Batting: RHB Marshall Attwood 0-0: Called Strike
0-1: Ball
1-1: Ball
2-1: Foul Ball, location: 2F
2-2: SINGLE (Line Drive, 56)
Carlos Sánchez to third
Gabriel Juárez to second
Batting: RHB Rafael Durango 0-0: Called Strike
0-1: Ball
1-1: Ball
2-1: Called Strike
2-2: Ball
3-2: Base on Balls
Carlos Sánchez scores
Gabriel Juárez to third
Marshall Attwood to second
Pitching: LHP Freddy Ramos
Batting: RHB William Gaines 0-0: Swinging Strike
0-1: SINGLE (Line Drive, 8LS)
Gabriel Juárez scores
Marshall Attwood to third
Rafael Durango to second
Batting: RHB John Robinson 0-0: Ball
1-0: Swinging Strike
1-1: Ball
2-1: Swinging Strike
2-2: Foul Ball, location: 2F
2-2: Strikes out swinging
Batting: RHB Edgar García 0-0: Ball
1-0: Ball
2-0: Called Strike
2-1: Ball
3-1: Base on Balls
Marshall Attwood scores
Rafael Durango to third
William Gaines to second
Batting: RHB William Miles 0-0: Called Strike
0-1: Foul Ball, location: 2F
0-2: Ball
1-2: Strikes out swinging
Bottom of the 8th over - 6 run(s), 6 hit(s), 0 error(s), 3 left on base; Ft. Polk South 1 - Yakima 12
TOP OF THE 9TH
Ft. Polk South Thunder Hawks batting - Pitching for Yakima Hops : RHP Deron Kuhn
Now at 1B: Burton Storey
Batting: RHB Alfredo González 0-0: Foul Ball, location: 2F
0-1: Called Strike
0-2: Strikes out swinging
Batting: SHB Paul Wright 0-0: Fly out, F7 (Flyball, 7LM)
Batting: RHB Clark Calhoun 0-0: Ball
1-0: Called Strike
1-1: Foul Ball, location: 2F
1-2: Fly out, F8 (Flyball, 8LM)
Top of the 9th over - 0 run(s), 0 hit(s), 0 error(s), 0 left on base; Ft. Polk South 1 - Yakima 12
This league is powered by Out of the Park Baseball, the baseball management simulation game for PC, Mac and Linux
Friday, January 22nd, 2016 - OOTP Baseball 16.9 Build 39